 Dungeon Crawl Stone Soup version 0.28.0 (webtiles) character file.

Game seed: 4718533257152831538

21 croobank the Conjurer (level 2, -1/13 HPs)
             Began as a Vine Stalker Conjurer on Feb 4, 2022.
             Succumbed to a goblin's poison
             ... on level 1 of the Dungeon.
             The game lasted 00:02:39 (640 turns).

croobank the Conjurer (Vine Stalker Conjurer)        Turns: 640, Time: 00:02:40

Health: -1/13      AC:  2    Str:  9    XL:     2   Next: 83%
Magic:  4/6        EV: 12    Int: 18    God:
Gold:   34         SH:  0    Dex: 12    Spells: 2/5 levels left

rFire   . . .      SeeInvis .   a - +0 hand axe
rCold   . . .      Faith    .   (no shield)
rNeg    . . .      Spirit   +   b - +0 robe
rPois   .          Reflect  .   (no helmet)
rElec   .          Harm     .   (no cloak)
rCorr   .          Rampage  .   (no gloves)
Will    .....                   (no boots)
Stlth   ++........              (no amulet)
HPRegen 0.04/turn               (no ring)
MPRegen 0.10/turn               (no ring)

@: lethally poisoned (-1 -> -9), about to teleport
A: fangs 2, magic shield, antimagic bite, no potion heal 2
a: no special abilities


You were on level 1 of the Dungeon.
You visited 1 branch of the dungeon, and saw 1 of its levels.

You collected 34 gold pieces.

Inventory:

Hand Weapons
 a - a +0 hand axe (weapon)
 f - a +0 short sword
Missiles
 d - 38 stones
Armour
 b - a +0 robe (worn)
Scrolls
 e - 2 scrolls of teleportation


   Skills:
 + Level 0.1 Axes
 + Level 1.8 Dodging
 + Level 2.5 Stealth
 + Level 2.3 Spellcasting
 + Level 4.5 Conjurations


You had 2 spell levels left.
You knew the following spells:

 Your Spells              Type           Power      Damage    Failure   Level
a - Magic Dart            Conj           72%        1d6       2%          1
b - Searing Ray           Conj           36%        2d5       4%          2

Your spell library contained the following spells:

 Spells                   Type           Power      Damage    Failure   Level
 Dazzling Flash           Conj/Hex       20%        N/A       21%         3
 Fulminant Prism          Conj/Hex       5%         3d7       56%         4
 Iskenderun's Mystic Bla  Conj/Tloc      10%        2d4       56%         4


Dungeon Overview and Level Annotations

Branches:
Dungeon (1/15)

Altars:


Innate Abilities, Weirdness & Mutations

You have extremely sharp teeth.
When hurt, damage is shared between your health and your magic reserves.
Your bite disrupts and absorbs the magic of your enemies.
Potions cannot restore your health.


Message History

The hobgoblin is almost dead.
The hobgoblin hits you.
You hit the hobgoblin.
You kill the hobgoblin!
You start resting.
Magic restored.
You open the door.
There is an open door here.
HP restored.
A ball python and a goblin come into view.
The goblin is wielding a +2 dagger of venom.
Found a stone staircase leading down.
The helpless ball python fails to defend itself.
You hit the ball python.
You kill the ball python!
You closely miss the goblin. The goblin hits you but does no damage.
You are poisoned.
You closely miss the goblin.
You feel very sick.
The goblin hits you with a +2 dagger of venom.
You are lethally poisoned!
Unknown command.
You hit the goblin.
You kill the goblin!
You feel very sick.
* * * LOW HITPOINT WARNING * * *
You feel sick.
Things that are here:
a +2 dagger of venom; a goblin corpse You are already wielding that!
You aren't carrying any potions.
As you read the scroll labelled QOOKHL CAERUMMAO, it crumbles to dust.
You feel strangely unstable.
It was a scroll of teleportation.
* * * LOW HITPOINT WARNING * * *
You feel sick.
There is a lethal amount of poison in your body!
As you read the scroll labelled WAHODER USTEGA, it crumbles to dust.
The air around you briefly surges with heat, but it dissipates.
It was a scroll of immolation.
You die...

############ #..........# #
###########..........# ..
†.........+.....@....# ...
...#......#.....†....###...
...+......+..............>.
...#......#########...##..
####......# #....#
..##......## #..#.#
..#######..# #..#.# ..#
##.#### #..#.#.#.#. ###
#....# #..........#


There were no monsters in sight!

Vanquished Creatures
  2 dart slugs (D:1)
  2 ball pythons (D:1)
  An endoplasm (D:1)
  A giant cockroach (D:1)
  2 goblins (D:1)
  2 hobgoblins (D:1)
  A bat (D:1)
  A frilled lizard (D:1)
  2 kobolds (D:1)
  2 rats (D:1)
16 creatures vanquished.

Notes
Turn   | Place    | Note
-------+----------+-------------------------------------------
     0 | D:1      | croobank the Vine Stalker Conjurer began the quest for the
                  | Orb.
     0 | D:1      | Reached XP level 1. HP: 9/9 MP: 4/4
   156 | D:1      | Reached XP level 2. HP: 13/13 MP: 1/6
   159 | D:1      | Learned a level 2 spell: Searing Ray
   640 | D:1      | Succumbed to a goblin's poison

Illustrated notes

Levels and vault maps discovered:
D:1:      co_arrival_square_in_a_square_in_a_square, layout_basic,
          dreamdust_ecumenical_altar_sealed_demon, st_stairs_2,
          minmay_misc_feat_ornament

Action                   || total
-------------------------++-------
Melee: Hand axe          ||    22
       Bite              ||     1
 Cast: Magic Dart        ||    15
  Use: Scroll            ||     2
 Stab: Sleeping          ||     3
Armor: Robe              ||     8
Dodge: Dodged            ||     8
